 Dungeon Crawl Stone Soup version 0.31-a0-339-gda1cbd555d (webtiles) character file.

Game seed: 6602779346027069240

211 promet the Grave Robber (level 5, -3/25 HPs)
             Began as a Vine Stalker Necromancer on July 20, 2023.
             Was an Initiate of Yredelemnul.
             Succumbed to a scorpion's poison
             ... on level 5 of the Dungeon on July 21, 2023.
             The game lasted 00:24:01 (4434 turns).

promet the Grave Robber (Vine Stalker Necromancer)  Turns: 4434, Time: 00:24:01

Health: -3/25      AC:  6    Str: 11    XL:     5   Next: 88%
Magic:  0/11       EV: 12    Int: 15    God:    Yredelemnul [......]
Gold:   203        SH:  0    Dex: 22    Spells: 7/11 levels left

rFire   + . .        a - +3 mace
rCold   . . .        (no shield)
rNeg    . . .        c - +1 robe
rPois   .            l - +0 helmet
rElec   .            D - +0 cloak
rCorr   .            g - +0 pair of gloves
SInv    .            (no boots)
Will    .....        (no amulet)
Stlth   +++          t - ring of protection from fire
HPRegen 1.04/turn    x - +6 ring of dexterity
MPRegen 0.12/turn

%: guardian spirit
@: lethally poisoned (-3 -> -10)
A: fangs 2, regeneration 1, magic shield, antimagic bite, no potion heal 2
a: Renounce Religion, Recall Undead Harvest


You were on level 5 of the Dungeon.
You worshipped Yredelemnul.
Yredelemnul was noncommittal.
You visited 1 branch of the dungeon, and saw 5 of its levels.

You collected 203 gold pieces.

Inventory:

Hand Weapons
 a - a +3 mace (weapon)
 b - a +4 dagger
 p - a +0 war axe
 s - a +0 rapier
 C - a +2 spear of venom
Missiles
 i - 12 stones
 k - a throwing net
 m - 3 poisoned darts (quivered)
Armour
 c - a +1 robe (worn)
 g - a +0 pair of gloves (worn)
 l - a +0 helmet (worn)
 D - a +0 cloak (worn)
Jewellery
 t - a ring of protection from fire (left hand)
 x - a +6 ring of dexterity (right hand)
Talismans
 q - a serpent talisman
Wands
 n - a wand of polymorph (7)
 A - a wand of digging (9)
Scrolls
 j - a scroll of fear {unknown}
 u - 4 scrolls of identify
 v - a scroll of amnesia {unknown}
 y - a scroll of silence {unknown}
Potions
 d - 2 potions of lignification {unknown}
 e - a potion of magic
 f - a potion of curing
 h - a potion of mutation {unknown}
 o - 2 potions of might
 r - 2 potions of brilliance {unknown}
 w - a potion of resistance {unknown}
 z - a potion of experience {unknown}
 B - a potion of ambrosia {unknown}


   Skills:
 * Level 1.5 Fighting
 + Level 0.4 Short Blades
 + Level 0.3 Polearms
 + Level 1.8 Dodging
 + Level 3.1 Stealth
 + Level 3.7 Spellcasting
 + Level 5.2 Necromancy


You had 7 spell levels left.
You knew the following spells:

 Your Spells              Type           Power      Damage    Failure   Level
a - Necrotise             Necr           72%        1d7       2%          1
b - Vampiric Draining     Necr           18%        2d7       6%          3

Your spell library contained the following spells:

 Spells                   Type           Power      Damage    Failure   Level
 Kiss of Death            Conj/Necr      40%        2d8       6%          1
 Freeze                   Ice            8%         1d3       19%         1
 Dispel Undead            Necr           18%        3d11      22%         4
 Confusing Touch          Hex            2%         N/A       50%         3
 Frozen Ramparts          Ice            4%         1d1       50%         3
 Hailstorm                Conj/Ice       2%         3d3       50%         3
 Volatile Blastmotes      Fire/Tloc      4%         2d10      50%         3
 Agony                    Necr           18%        N/A       52%         5
 Fulminant Prism          Conj/Hex       1%         3d5       88%         4
 Iskenderun's Mystic Bla  Conj/Tloc      2%         2d3       88%         4
 Animate Dead             Necr           Unusable   N/A       N/A         4

Dungeon Overview and Level Annotations

Branches:
Dungeon (5/15)             Temple (0/1) D:5

Altars:
Gozag
Vehumet
Yredelemnul

Shops:
D:1 **!!   D:3 (


Innate Abilities, Weirdness & Mutations

You have extremely sharp teeth.
Your natural rate of healing is unusually fast.
When hurt, damage is shared between your health and your magic reserves.
Your bite disrupts and absorbs the magic of your enemies.
Potions cannot restore your health.


Message History

The scorpion closely misses you.
You hit the scorpion.
The scorpion is almost dead.
The scorpion stings you.
You are poisoned.
The scorpion poisons you!
You hit the scorpion but do no damage. Your bite misses the scorpion.
The scorpion is almost dead.
You feel very sick. The scorpion misses you.
The scorpion stings you but does no damage.
A scorpion comes into view.
Casting: Vampiric Draining (quite dangerous; 6% risk of failure)
Confirm with . or Enter, or press ? or * to list all spells.
Aiming: Necrotise (safe; 2% risk of failure)
Press: ? - help, Shift-Dir - straight line, f/p - scorpion
Aim: a scorpion (severely wounded, chance to affect: 76%)
The scorpion barely resists.
You feel sick. The scorpion stings you.
You are more poisoned.
The scorpion poisons you!
Your system rejects the healing.
You feel better. The scorpion stings you.
You are poisoned.
The scorpion poisons you! The scorpion stings you.
* * * LOW HITPOINT WARNING * * *
You are more poisoned.
The scorpion poisons you!
You closely miss the scorpion.
The scorpion is severely wounded.
* * * LOW HITPOINT WARNING * * *
You feel extremely sick. The scorpion misses you.
Casting: Necrotise (safe; 2% risk of failure)
Confirm with . or Enter, or press ? or * to list all spells.
You don't have enough magic to cast this spell.
Unknown command.
You hit the scorpion but do no damage.
You bite the scorpion, but do no damage.
The scorpion is severely wounded.
You die...
Your body rises from the dead as a mindless zombie.

##.######.## #####
##...#.###.#
##...###..>..#.##.##
#.....###..)###.....
# #..........##
##..##
#...#....####..#
#<..# #.. #...##
#.#.#.#### #...##.##
#.##.# #ss@# #.####
#.### #.# #. #.# l.
#.# #.# #.# #. #.# #
.# ##.## .###
##########...## .#.
.#............#####


You could see 2 scorpions.

Vanquished Creatures
  A hound (D:4)
  An orc priest (D:3)
  3 gnolls (D:5)
  An adder (D:4)
  2 worms
  9 orcs
  7 bats
  7 endoplasms
  3 giant cockroaches
  6 hobgoblins
  4 jackals (D:1)
  3 quokkas
  7 ball pythons
  A frilled lizard (D:1)
  8 goblins
  9 kobolds
  10 rats
82 creatures vanquished.

Vanquished Creatures (collateral kills)
  2 orcs
  3 ball pythons (D:3)
  An endoplasm (D:1)
6 creatures vanquished.

Vanquished Creatures (others)
  An adder zombie (D:4)
  A gnoll zombie (D:5)
  An orc zombie (D:4)
3 creatures vanquished.

Grand Total: 91 creatures vanquished

Notes
Turn   | Place    | Note
-------+----------+-------------------------------------------
     0 | D:1      | promet the Vine Stalker Necromancer began the quest for the
                  | Orb.
     0 | D:1      | Reached XP level 1. HP: 9/9 MP: 4/4
    19 | D:1      | Found Bienuh's General Store.
   243 | D:1      | Reached XP level 2. HP: 13/13 MP: 6/6
   333 | D:1      | Found Tedd's Assorted Antiques.
   784 | D:1      | Found Imas's Distillery.
   830 | D:1      | Reached XP level 3. HP: 15/16 MP: 3/7
  1306 | D:1      | Found Uheamug's Distillery.
  1380 | D:2      | Learned a level 3 spell: Vampiric Draining
  1911 | D:3      | Gained mutation: Your natural rate of healing is unusually
                  | fast. [Vine Stalker growth]
  1911 | D:3      | Reached XP level 4. HP: 21/21 MP: 7/9
  1926 | D:3      | Reached skill level 1 in Fighting
  2528 | D:3      | Found a basalt altar of Yredelemnul.
  2533 | D:3      | Reached XP level 5. HP: 24/25 MP: 10/10
  2546 | D:3      | Became a worshipper of Yredelemnul the Dark
  2563 | D:3      | Reached skill level 5 in Necromancy
  2571 | D:3      | Found Gezolyjy's Weapon Emporium.
  2661 | D:3      | Reached * piety under Yredelemnul
  3111 | D:4      | Found a radiant altar of Vehumet.
  3690 | D:5      | Entered Level 5 of the Dungeon
  3706 | D:5      | Found an opulent altar of Gozag.
  3729 | D:5      | Noticed a centaur
  4367 | D:5      | Found a staircase to the Ecumenical Temple.
  4433 | D:5      | HP: 1/25 [poisoned by a scorpion]
  4434 | D:5      | Succumbed to a scorpion's poison

Illustrated notes

Levels and vault maps discovered:
D:1:      tarquinn_simple_flora_water_d, layout_basic, serial_shops,
          nicolae_shop_tiny_waterfront, shop, nicolae_shop_advertising_works
          [nicolae_subvault_shop_adworks], nicolae_shop_industrial_runoff,
          chequers_serial_rivers_marsh, minmay_3d_cube
D:2:      layout_rooms, kennysheep_generic_room_12
D:3:      layout_rooms, mainiacjoe_overflow_small_starburst, serial_shops, shop
D:4:      layout_gridville, nicolae_vehumet_radiance
D:5:      nicolae_cairo_tiling, layout_loops_corners,
          pdpol_temple_overflow_zin_treasury_gozag_greed,
          lemuel_temple_firewalk_a, enter_ossuary_1

Skill      XL: |  1  2  3  4  5 |
---------------+----------------+-----
Fighting       | 1 |  1.5
Stealth        | 3 |  3.1
Spellcasting   | 3 |  3.7
Necromancy     | 5 |  5.2
Short Blades   | |  0.4
Polearms       | |  0.3
Dodging        | |  1.8

Action                     |  1- 3 |  4- 6 || total
---------------------------+-------+-------++-------
  Melee: Dagger            |    19 |       ||    19
         Bite              |     5 |     7 ||    12
         Spear             |    17 |    28 ||    45
         Mace              |       |     5 ||     5
  Throw: Dart              |       |     3 ||     3
   Cast: Necrotise         |    63 |    59 ||   122
         Vampiric Draining |     1 |     6 ||     7
    Use: Scroll            |     7 |       ||     7
         Potion            |       |     1 ||     1
   Stab: Sleeping          |     4 |       ||     4
 Armour: Robe              |    10 |    10 ||    20
  Dodge: Dodged            |    38 |    24 ||    62

Table legend: (Time is in decaauts)
 A = Elapsed time spent in this place.
 B = Non-inter-level travel time spent in this place.
 C = Inter-level travel time spent in this place.
 D = Time resting spent in this place.
 E = Time spent auto-exploring this place.
 F = Levels seen in this place.
 G = Mean time per level.
                   A        B        C        D        E       F      G
               +--------+--------+--------+--------+--------+-----+--------+
         Total |   4440 |   4344 |     96 |   1311 |   1346 |   5 |  888.0 |
       Dungeon |   4440 |   4344 |     96 |   1311 |   1346 |   5 |  888.0 |
               +--------+--------+--------+--------+--------+-----+--------+

Top non-repeatable levels by time:
     D:4: 1376 daAuts
     D:1: 1342 daAuts
     D:3: 918 daAuts
     D:2: 539 daAuts
     D:5: 264 daAuts
